 Dungeon Crawl Stone Soup version 0.19.1 (webtiles) character file.

2608 tsouns the Covert (level 9, -8/61 HPs)
             Began as an Octopode Assassin on Dec 1, 2016.
             Was an Initiate of Gozag.
             Mangled by an orc warrior
             ... wielding a +0 trident
              (27 damage)
             ... on level 8 of the Dungeon.
             The game lasted 00:21:11 (6634 turns).

tsouns the Covert (Octopode Assassin)               Turns: 6634, Time: 00:21:12

Health: -8/61      AC:  1    Str: 11    XL:     9   Next: 59%
Magic:  9/9        EV: 13    Int: 15    God:    Gozag
Gold:   528        SH: 12    Dex: 14    Spells: 1 memorised, 7 levels left

rFire  . . .     SeeInvis .     A - +1 short sword (speed)
rCold  . . .     Gourm    .     E - +3 shield
rNeg   . . .     Faith    .     (helmet restricted)
rPois  .         Spirit   .     w - amulet of magic regeneration
rElec  .         Reflect  .     (no ring)
rCorr  .         Harm     .     r - ring of stealth
MR     +....                    o - ring of protection from magic
Stlth  +++++++...               (no ring)
                                (no ring)
                                (no ring)
                                (no ring)
                                (no ring)

@: gold aura
A: almost no armour, stealthy swim, amphibious, 8 rings, constrict 8, camouflage
1, gelatinous body 1
a: Potion Petition, Call Merchant, Bribe Branch, Renounce Religion


You were on level 8 of the Dungeon.
You worshipped Gozag.
Gozag was pleased with you.
You were not hungry.

You visited 2 branches of the dungeon, and saw 9 of its levels.

You collected 643 gold pieces.
You paid 115 gold pieces to Gozag.

Inventory:

Hand Weapons
 a - a +4 dagger
 b - a +0 blowgun
 A - a +1 short sword of speed (weapon)
 B - a +0 dagger of chaos
Missiles
 c - 93 poisoned needles
 g - 217 stones (quivered)
 p - 7 tomahawks
 F - a curare-tipped needle
Armour
 E - a +3 shield (worn)
Jewellery
 n - an uncursed ring of ice
 o - a ring of protection from magic (on tentacle)
 r - a ring of stealth (right tentacle)
 w - an amulet of magic regeneration (around mantle)
Wands
 C - a wand of enslavement (15/24)
Scrolls
 j - 4 scrolls of teleportation
 m - a scroll of magic mapping
 G - a scroll of remove curse
 H - a scroll of fear
 I - a scroll of amnesia
Potions
 e - a potion of flight
 h - a potion of lignification
 i - a potion of might
 k - 2 potions of resistance
 q - 2 potions of degeneration
 s - a potion of beneficial mutation {unknown}
 t - a potion of brilliance {unknown}
 v - 2 potions of heal wounds
 x - 2 potions of ambrosia
 z - a potion of mutation {unknown}
 D - a potion of berserk rage {unknown}
 J - a potion of invisibility {unknown}
Books
 u - Sif Muna's Handbook of Arcane Weapons and Summoning
   (You found it on level 4 of the Dungeon)

   Spells                             Type                      Level
   a - Summon Butterflies             Summoning                    1
   b - Iskenderun's Mystic Blast      Conjuration                  4
   c - Conjure Ball Lightning         Conjuration/Air              6
   d - Dragon's Call                  Summoning                    9
 y - a book of Debilitation

   Spells                             Type                      Level
   a - Corona                         Hexes                        1
   b - Slow                           Hexes                        2
   c - Gell's Gravitas                Hexes/Translocation          3
   d - Inner Flame                    Hexes/Fire                   3
   e - Cause Fear                     Hexes                        4
   f - Leda's Liquefaction            Hexes/Earth                  4
Comestibles
 d - a meat ration
 f - 4 bread rations
 l - 3 fruits


   Skills:
 - Level 5.3 Fighting
 + Level 7.1 Short Blades
 - Level 2.0 Throwing
 - Level 4.9 Dodging
 + Level 10.8 Stealth
 * Level 4.2 Shields


You had 7 spell levels left.
You knew the following spells:

 Your Spells              Type           Power        Failure   Level  Hunger
a - Summon Butterflies    Summ           #.......     90%         1    ##.....


Dungeon Overview and Level Annotations

Branches:
Dungeon (8/15)             Temple (1/1) D:6
   Lair: D:8-11

Altars:
Ashenzari
Cheibriados
Dithmenos
Elyvilon
Fedhas
Gozag
Hepliaklqana
Kikubaaqudgha
Makhleb
Nemelex Xobeh
Okawaru
Qazlal
Ru
Sif Muna
Trog
Uskayaw
Vehumet
Xom
Yredelemnul
Zin
The Shining One


Innate Abilities, Weirdness & Mutations

You cannot wear most types of armour.
You are very stealthy in the water. (Stealth+)
You are amphibious.
You can wear up to eight rings at the same time.
You can use your tentacles to constrict eight enemies at once.
Your skin changes colour to match your surroundings (Stealth+).
Your rubbery body absorbs attacks. (AC +1, EV +1)


Message History

The arrow misses you.
The orc shouts!
You hit the orc warrior but do no damage.
You constrict the orc warrior.
The ice beast is distracted by the nearby gold.
The orc warrior hits you with a trident!
Your shield prevents you from hitting the orc warrior.
You squeeze the orc warrior.
The orc warrior is lightly wounded.
You constrict the orc warrior.
The centaur shoots an arrow.
The arrow hits you.
The orc throws a tomahawk of returning.
You block the tomahawk of returning.
The weapon returns to the orc!
You hit the orc warrior but do no damage.
You squeeze the orc warrior!
The orc warrior is heavily wounded.
You constrict the orc warrior.
The centaur is distracted by the nearby gold.
The orc warrior hits you with a trident!!
You die...
Your body crumbles into a pile of gold.

#.....# ###(....#
o.......#
........#
....Y...#######
......o.......###
.....ooc#####...#
#+#+###$##....#.#
#o@.._....#
#.........#
#.........#
#._..⌠.._.#
#.........######
##._(.._.......#
................#
#####...........#
######.......#


You could see an orc warrior, an ice beast, a centaur (unaware) and 3 orcs.

Vanquished Creatures
  Pikel (D:5)
  A hornet (D:6)
  An orc warrior (D:7)
  A black bear (D:7)
  A slave (D:5)
  5 ogres
  A centaur (D:7)
  2 bullfrogs
  3 howler monkeys
  A centaur zombie (D:6)
  9 crimson imps
  2 jellies
  3 orc priests
  5 orc wizards
  Crazy Yiuf (D:3)
  6 worker ants
  A howler monkey zombie (D:6)
  4 adders
  A howler monkey skeleton (D:5)
  A shadow imp (D:5)
  3 oozes
  2 worms
  A dart slug (D:2)
  6 leopard geckos
  30 orcs
  8 bats
  6 giant cockroaches
  9 goblins
  3 hobgoblins
  4 jackals (D:3)
  A quokka (D:6)
  6 ball pythons
  2 frilled lizards
  8 kobolds
  A leopard gecko skeleton (D:4)
  A quokka skeleton (D:6)
  7 rats
148 creatures vanquished.

Vanquished Creatures (others)
  Menkaure (D:6)
  An orc priest (D:6)
  An orc wizard (D:7)
  A jelly (D:6)
4 creatures vanquished.

Grand Total: 152 creatures vanquished

Notes
Turn   | Place    | Note
-------+----------+-------------------------------------------
     0 | D:1      | tsouns the Octopode Assassin began the quest for the Orb.
     0 | D:1      | Reached XP level 1. HP: 14/14 MP: 1/1
   108 | D:1      | Reached XP level 2. HP: 13/19 MP: 2/2
   241 | D:1      | Reached skill level 6 in Stealth
   255 | D:1      | Reached XP level 3. HP: 22/24 MP: 3/3
   732 | D:2      | Found a deep blue altar of Sif Muna.
   774 | D:2      | Found a bloodstained altar of Trog.
  1236 | D:2      | Reached XP level 4. HP: 25/29 MP: 4/4
  1617 | D:3      | Found a faded altar of an unknown god.
  2053 | D:3      | Found a runed door.
  2058 | D:3      | Noticed Crazy Yiuf
  2065 | D:3      | Killed Crazy Yiuf
  2065 | D:3      | Reached XP level 5. HP: 34/34 MP: 5/5
  2137 | D:3      | Reached skill level 7 in Stealth
  2371 | D:3      | Found a glowing silver altar of Zin.
  2371 | D:3      | Found a burning altar of Makhleb.
  2372 | D:3      | Noticed an Executioner
  2372 | D:3      | Noticed an angel
  2499 | D:4      | Identified Sif Muna's Handbook of Arcane Weapons and Summoning
  2503 | D:4      | Learned a level 1 spell: Summon Butterflies
  2674 | D:4      | Found a blossoming altar of Fedhas.
  3075 | D:4      | Noticed an ogre
  3107 | D:4      | Killed an ogre
  3107 | D:4      | Reached XP level 6. HP: 41/41 MP: 6/6
  3367 | D:5      | Entered Level 5 of the Dungeon
  3478 | D:5      | Reached XP level 7. HP: 44/46 MP: 7/7
  3736 | D:5      | Found a shimmering altar of Xom.
  3789 | D:5      | Reached skill level 5 in Short Blades
  3789 | D:5      | Reached skill level 8 in Stealth
  3968 | D:6      | Noticed Pikel
  4503 | D:6      | Noticed Menkaure
  4506 | D:6      | Reached XP level 8. HP: 54/54 MP: 8/8
  4517 | D:6      | Noticed a hornet
  4540 | D:5      | Killed Pikel
  4540 | D:5      | Reached skill level 9 in Stealth
  4692 | D:6      | Killed Menkaure
  4703 | D:6      | Reached skill level 5 in Fighting
  4791 | D:6      | Found a staircase to the Ecumenical Temple.
  4805 | Temple   | Entered the Ecumenical Temple
  4865 | Temple   | Became a worshipper of Gozag Ym Sagoz the Greedy
  4923 | D:6      | Reached skill level 10 in Stealth
  4923 | D:6      | Reached XP level 9. HP: 40/61 MP: 9/9
  5019 | D:6      | Reached skill level 1 in Shields
  5109 | D:6      | Paralysed by a hornet for 1 turns
  5112 | D:6      | Killed a hornet
  6593 | D:8      | Found a hazy altar of Hepliaklqana.
  6595 | D:8      | Found a bloodstained altar of Trog.
  6598 | D:8      | Found a white marble altar of Elyvilon.
  6599 | D:8      | Found a shattered altar of Ashenzari.
  6600 | D:8      | Found a shadowy altar of Dithmenos.
  6634 | D:8      | Mangled by an orc warrior

Skill      XL: |  1  2  3  4  5  6  7  8  9 |
---------------+----------------------------+-----
Stealth        | 6 7 8 10 | 10.8
Short Blades   | 3 4 5 6 7 |  7.1
Dodging        | 2 3 4 |  4.9
Fighting       | 3 4 5 |  5.3
Shields        | 4 |  4.2
Throwing       | |  2.0

Action                   |  1- 3 |  4- 6 |  7- 9 || total
-------------------------+-------+-------+-------++-------
Melee: Dagger            |    73 |   108 |    19 ||   200
       Constrict         |    14 |    19 |    38 ||    71
       Tentacles         |    13 |    19 |    51 ||    83
       Short sword       |       |       |   189 ||   189
 Fire: Blowgun           |       |    13 |    35 ||    48
Evoke: Wand              |       |       |     3 ||     3
  Use: Scroll            |     8 |     5 |    10 ||    23
       Potion            |       |       |     2 ||     2
 Stab: Sleeping          |     7 |    11 |    16 ||    34
       Distracted        |     1 |       |     1 ||     2
  Eat: Chunk             |       |     8 |     2 ||    10
       Bread ration      |       |       |     2 ||     2
Armor: Skin              |     7 |     6 |     1 ||    14
Dodge: Dodged            |    32 |    36 |    71 ||   139
Block: Shield            |       |       |    30 ||    30
